 Dungeon Crawl Stone Soup version 0.30-a0-702-gdf48620a09 (webtiles) character file.

Game seed: 13760376821548563295

172 Anon1729 the Slasher (level 5, -1/42 (47) HPs)
             Began as a Minotaur Monk on Jan 21, 2023.
             Slain by a wight
             ... wielding a +4 flail
              (13 damage)
             ... on level 3 of the Dungeon.
             The game lasted 00:02:47 (3171 turns).

Anon1729 the Slasher (Minotaur Monk)                Turns: 3171, Time: 00:02:47

HP:   -1/42 (47)    AC:  2    Str: 16    XL:     5   Next: 27%
MP:   4/4           EV: 13    Int:  7    God:
Gold: 206           SH:  0    Dex: 14    Spells: 4/4 levels left

rFire   + . .      SeeInvis .    a - +0 falchion
rCold   . . .      Faith    .    (no shield)
rNeg    . . .      Spirit   .    b - +0 robe
rPois   .          Reflect  .    (helmet restricted)
rElec   .          Harm     .    (no cloak)
rCorr   .          Rampage  .    (no gloves)
Will    .....                    (no boots)
Stlth   ++                       (no amulet)
HPRegen 0.27/turn                i - ring of protection from fire
MPRegen 0.09/turn                (no ring)

@: about to teleport, heavily drained
A: horns 2, retaliatory headbutt
a: no special abilities


You were on level 3 of the Dungeon.
You visited 1 branch of the dungeon, and saw 4 of its levels.

You collected 206 gold pieces.

Inventory:

Hand Weapons
 a - a +0 falchion (weapon)
 p - a +3 short sword
Armour
 b - a +0 robe (worn)
Jewellery
 i - a ring of protection from fire (left hand)
 x - a ring of protection from cold
Wands
 q - a wand of digging (5)
Scrolls
 d - 3 scrolls of teleportation
 e - 3 scrolls of identify {unknown}
 g - a scroll of enchant weapon {unknown}
 k - a scroll of fog {unknown}
 m - 2 scrolls of blinking {unknown}
 n - a scroll of silence {unknown}
 t - a scroll of amnesia {unknown}
 v - a scroll of immolation {unknown}
 w - a scroll of magic mapping {unknown}
 y - a scroll of noise {unknown}
 z - a scroll of fear {unknown}
Potions
 c - 2 potions of resistance {unknown}
 f - a potion of curing {unknown}
 h - a potion of flight {unknown}
 j - a potion of cancellation {unknown}
 l - a potion of haste {unknown}
 o - a potion of attraction {unknown}
 r - a potion of might {unknown}
 u - a potion of lignification {unknown}


   Skills:
 + Level 4.8 Fighting
 + Level 4.8 Long Blades
 + Level 4.3 Dodging
 + Level 2.8 Stealth


You had 4 spell levels left.
You didn't know any spells.
Your spell library contained the following spells:

 Spells                   Type           Power      Damage    Failure   Level
 Sandblast                Erth           0%         2d4       43%         1
 Passwall                 Tmut/Erth      0%         N/A       56%         2
 Stone Arrow              Conj/Erth      0%         3d7       80%         3


Dungeon Overview and Level Annotations

Branches:
Dungeon (4/15)
 Temple: D:4-7

Altars:

Shops:
D:3 *


Innate Abilities, Weirdness & Mutations

You have a pair of horns on your head.
You reflexively headbutt those who attack you in melee.


Message History

You are too injured to fight recklessly!
You are too injured to fight recklessly!
You are too injured to fight recklessly!
You are too injured to fight recklessly!
You are too injured to fight recklessly!
You are too injured to fight recklessly!
You are too injured to fight recklessly!
Okay, then.
Throw: throwing net
Press: ? - help, Shift-Dir - straight line, f - wight
Aim: a wight, wielding a +2 long sword and wearing a +0 robe (heavily damaged, 60% to hit)
You throw a throwing net. The throwing net hits the wight.
The wight is caught in the net!
The wight is heavily damaged.
The wight struggles against the net.
The wight struggles against the net.
The wight struggles against the net.
The wight struggles against the net.
The wight struggles against the net.
The wight struggles against the net.
The net rips apart, and the wight comes free!
There is an escape hatch in the floor here.
There is a stone staircase leading up here.
You climb upwards.
There is a stone staircase leading down here.
You start resting.
HP restored.
You climb downwards.
The wight hits you with a +4 flail! The wight misses you.
The wight closely misses you.
There is a stone staircase leading up, spattered with blood here.
The wight barely misses you. The wight misses you.
You climb upwards.
There is a stone staircase leading down here.
As you read the scroll labelled ZOWIEX ZEPTO, it crumbles to dust.
You feel strangely unstable.
It was a scroll of teleportation.
The wight hits you with a +2 long sword!
You feel drained.
* * * LOW HITPOINT WARNING * * *
The wight hits you with a +4 flail!
You die...

#.##.###.#..#.###...#.# #.PP
#.##...###.#(.#.###.#.####..∩
#.###....###.#..#.#'#......P.
#.##..#..††###.#..#[#.####...
#.##.##.##...###.#....#######
#.##.#..#..#...###..##.......
#.############## #####.#####.
#.# #.# #.####.#####.#.#####.
#.# #.# #.#.@z........)......
#.###.# #.#z########.........
#.#...###.#.# #...######
#(..........# #.........
###.#####.### #..####### #.#
#.##########..# #.#
#........†....# #.#
#############.# #.# #.#


You could see 2 wights.

Vanquished Creatures
  3 gnolls (D:3)
  5 adders
  2 dart slugs (D:1)
  3 orcs (D:3)
  4 ball pythons (D:3)
  9 endoplasms
  3 giant cockroaches
  9 goblins
  9 hobgoblins
  8 jackals (D:2)
  6 kobolds
  4 quokkas
  3 bats
  7 frilled lizards
  5 rats
80 creatures vanquished.

Notes
Turn   | Place    | Note
-------+----------+-------------------------------------------
     0 | D:1      | Anon1729 the Minotaur Monk began the quest for the Orb.
     0 | D:1      | Reached XP level 1. HP: 19/19 MP: 0/0
     6 | D:1      | Noticed a lindwurm
     6 | D:1      | Noticed a scorpion
     6 | D:1      | Noticed a salamander
     7 | D:1      | Noticed a polar bear
     7 | D:1      | Noticed a komodo dragon
   252 | D:1      | Reached XP level 2. HP: 27/27 MP: 1/1
   732 | D:2      | Reached XP level 3. HP: 25/33 MP: 2/2
  1626 | D:3      | Reached XP level 4. HP: 3/41 MP: 3/3
  2028 | D:3      | Found Todgh's Assorted Antiques.
  2478 | D:3      | Reached XP level 5. HP: 47/47 MP: 4/4
  2746 | D:4      | Noticed an ogre
  3171 | D:3      | Slain by a wight

Illustrated notes

Levels and vault maps discovered:
D:1:      onia_arrival_zoo_common, layout_loops_ring
D:2:      layout_loops_ring, nrook_mini_backslash, minmay_door_square,
          supply_closet_lemuel, chequers_serial_rivers_room_a
D:3:      minmay_razor_zed, layout_loops_ring, serial_shops,
          nicolae_shop_overgrown_old_shop, kennysheep_generic_room_7
D:4:      layout_gridville, general_overflow_altar

Skill      XL: |  1  2  3  4 |
---------------+-------------+-----
Fighting       | 4 |  4.8
Long Blades    | 4 |  4.8
Stealth        | 2 |  2.8
Dodging        | 4 |  4.3

Action                   |  1- 3 |  4- 6 || total
-------------------------+-------+-------++-------
Melee: Falchion          |   101 |    92 ||   193
       Headbutt          |    17 |    17 ||    34
       Punch             |       |     2 ||     2
Throw: Throwing net      |       |     1 ||     1
  Use: Potion            |       |     2 ||     2
       Scroll            |       |     1 ||     1
 Stab: Sleeping          |     4 |     4 ||     8
Armor: Robe              |    18 |     7 ||    25
Dodge: Dodged            |    67 |    64 ||   131

Table legend: (Time is in decaauts)
 A = Elapsed time spent in this place.
 B = Non-inter-level travel time spent in this place.
 C = Inter-level travel time spent in this place.
 D = Time resting spent in this place.
 E = Time spent auto-exploring this place.
 F = Levels seen in this place.
 G = Mean time per level.
                   A        B        C        D        E       F      G
               +--------+--------+--------+--------+--------+-----+--------+
         Total |   3188 |   3117 |     71 |    175 |   2396 |   4 |  797.0 |
       Dungeon |   3188 |   3117 |     71 |    175 |   2396 |   4 |  797.0 |
               +--------+--------+--------+--------+--------+-----+--------+

Top non-repeatable levels by time:
     D:3: 1375 daAuts
     D:2: 785 daAuts
     D:1: 723 daAuts
     D:4: 304 daAuts
